Map: Ruins of Seras

Players

Eternity - Winner!

  • Race: Terran Terran
  • League: Gold

Jack

  • Race: Zerg Zerg
  • League: Grandmaster

VOD

Have the link to the VOD?

Description

Time

  • Played on: Oct. 22, 2015, 11:26 a.m.
  • Length: 21:57
Show
View Real Time Build Order
Export as new Build Order

Eternity Terran - Winner!

Build Orders: Mech 

Get SALT Encoding   

  12  0:01  SCV  
  13  0:13  SCV  
  14  0:19  Supply Depot  
  14  0:25  SCV  
  15  0:31  Refinery  
  15  0:40  SCV  
  16  0:47  Barracks  
  16  0:52  SCV  
  17  1:04  SCV  
  18  1:16  SCV  
  19  1:29  SCV  
  20  1:34  Reaper  
  21  1:41  Orbital Command  
  21  1:51  Command Center  
  21  2:00  Factory  
  21  2:08  SCV  
  22  2:18  Supply Depot  
  23  2:22  SCV  
  23  2:23  Barracks Reactor  
  23  2:39  SCV  
  23  2:42  Refinery  
  24  2:51  SCV  
  25  3:06  SCV  
  25  3:07  Orbital Command  
  25  3:09  Barracks Tech Lab  
  26  3:15  Hellion x2, Factory  
  26  3:18  SCV  
  31  3:33  SCV x2  
  33  3:45  SCV  
  33  3:47  Hellion x2  
  33  3:48  SCV  
  38  4:03  SCV x2  
  40  4:10  Command Center  
  40  4:15  SCV  
  41  4:18  SCV  
  42  4:27  Hellion  
  42  4:28  Supply Depot, Hellion  
  46  4:31  Supply Depot, Refinery  
  46  4:35  SCV  
  45  4:51  Hellion x2  
  45  4:52  SCV x2  
  54  4:57  Supply Depot  
  54  5:00  Supply Depot  
  54  5:03  Starport  
  54  5:04  SCV x2  
  56  5:11  Barracks Tech Lab  
  54  5:16  SCV, Siege Tank  
  54  5:17  Hellion x2  
  54  5:20  SCV  
  60  5:22  Refinery  
  60  5:26  Supply Depot  
  60  5:28  SCV  
  61  5:29  Supply Depot  
  61  5:34  SCV  
  62  5:40  SCV  
  62  5:41  Hellion  
  62  5:42  Hellion  
  61  6:02  Siege Tank  
  58  6:04  Liberator  
  58  6:05  Supply Depot  
  58  6:08  SCV x2  
  58  6:10  Hellion x2  
  64  6:11  Supply Depot  
  64  6:15  Factory  
  64  6:20  SCV  
  68  6:28  SCV  
  68  6:29  Orbital Command  
  69  6:35  SCV  
  70  6:43  Barracks Tech Lab  
  68  6:50  Liberator  
  68  6:51  SCV x2  
  68  6:52  Hellion x2  
  68  6:53  Siege Tank  
  77  6:55  SCV  
  78  7:03  SCV  
  82  7:09  SCV x2  
  82  7:23  SCV x2  
  82  7:29  Supply Depot, Hellion x2, Siege Tank x2  
  94  7:30  Supply Depot  
  94  7:31  Supply Depot  
  94  7:32  Supply Depot  
  94  7:37  SCV  
  94  7:38  Unknown  
  94  7:40  Armory  
  94  7:42  Armory  
  95  7:50  SCV x2  
  97  7:51  SCV  
  97  7:53  Liberator  
  97  7:54  Hellion x2  
  102  8:02  Siege Tank x2  
  102  8:03  Supply Depot  
  102  8:05  Supply Depot x2  
  110  8:34  Hellion x2  
  110  8:37  Cyclone  
  110  8:38  Siege Tank  
  116  8:42  SCV  
  116  8:44  Refinery  
  116  8:47  Refinery  
  117  8:54  SCV x2  
  119  8:55  Liberator  
  119  9:01  Hellion x2  
  124  9:02  SCV  
  124  9:06  SCV x2  
  126  9:15  SCV, Siege Tank  
  133  9:21  Factory  
  133  9:24  Barracks Tech Lab, Hellion x2  
  133  9:25  SCV  
  133  9:30  Cyclone  
  141  9:51  Starport, Terran Vehicle Weapons Level 1  
  141  9:52  Terran Vehicle And Ship Armor Level 1  
  141  9:53  Command Center  
  141  9:54  SCV x2, Engineering Bay  
  141  9:55  SCV  
  144  10:06  SCV  
  145  10:10  Orbital Command  
  145  10:11  Supply Depot  
  145  10:12  Supply Depot x2  
  142  10:29  SCV x2  
  142  10:33  Starport Reactor  
  144  10:41  SCV x2  
  146  10:44  Hellion x6  
  146  10:48  Refinery  
  146  10:51  SCV  
  146  10:53  SCV, Cyclone  
  146  10:54  Siege Tank  
  146  10:55  Cyclone  
  146  10:56  Hellion x2, Refinery  
  161  11:02  SCV  
  162  11:12  Mag-Field Accelerator  
  162  11:13  Infernal Pre-Igniter  
  162  11:16  SCV x3, Liberator x3  
  162  11:17  Planetary Fortress, Hellion  
  167  11:19  Refinery  
  167  11:28  SCV  
  167  11:31  Siege Tank x3  
  186  11:40  Hellion  
  188  11:53  Hellion  
  154  12:03  Cyclone  
  146  12:16  Liberator  
  146  12:17  Liberator x2  
  140  12:38  Missile Turret  
  140  12:39  SCV  
  140  12:41  Missile Turret  
  140  12:42  Missile Turret  
  140  12:43  Missile Turret x2  
  141  12:48  Missile Turret x2  
  141  12:53  Missile Turret  
  129  12:59  Liberator x2  
  129  13:04  Missile Turret  
  129  13:05  Orbital Command  
  119  13:13  Missile Turret  
  119  13:14  Thor  
  119  13:16  Cyclone x2  
  119  13:17  Hellion x2  
  141  13:32  Liberator  
  141  13:37  SCV x4  
  141  13:38  Hellion  
  147  13:48  Cyclone  
  150  13:50  Cyclone  
  150  13:51  Hellion  
  158  13:57  Hellion  
  160  14:08  Factory x2  
  160  14:09  Factory  
  160  14:10  Factory  
  126  14:33  Command Center  
  126  14:34  Command Center  
  126  14:37  Missile Turret  
  126  14:38  Missile Turret  
  116  14:40  Missile Turret  
  116  14:43  Missile Turret  
  116  14:44  Liberator x3  
  116  14:45  Siege Tank x2  
  98  14:46  Cyclone  
  98  14:47  Hellion x2  
  102  15:01  Missile Turret  
  111  15:08  Hellion x2  
  111  15:12  Missile Turret  
  115  15:16  Orbital Command  
  115  15:20  Missile Turret  
  115  15:22  Factory Reactor  
  115  15:24  Factory Tech Lab, Factory Reactor  
  115  15:25  Factory Tech Lab  
  115  15:26  Cyclone  
  115  15:27  Liberator  
  118  15:42  Hellion x2  
  122  15:43  Cyclone  
  122  15:45  Refinery  
  122  15:46  Refinery  
  122  15:48  Missile Turret  
  128  15:54  Cyclone  
  131  15:59  Orbital Command  
  131  16:02  Missile Turret  
  130  16:08  Missile Turret  
  112  16:19  Liberator  
  112  16:24  Missile Turret  
  88  16:30  Cyclone x2  
  88  16:48  Orbital Command  
  88  16:52  Refinery  
  88  16:56  Cyclone  
  88  16:58  Hellion x4  
  88  16:59  Hellion x2  
  103  17:07  Terran Vehicle Weapons Level 2  
  103  17:08  Refinery  
  103  17:11  Terran Vehicle And Ship Armor Level 2  
  103  17:37  Cyclone x2  
  103  17:39  Hellion x5  
  103  17:40  Hellion  
  121  17:54  Command Center, Cyclone x2  
  127  18:11  Cyclone x2  
  133  18:13  Hellion x4  
  133  18:14  Hellion x2  
  144  18:20  Liberator x2  
  137  18:54  Cyclone  
  140  18:56  Hellion  
  140  18:57  Hellion x7  
  139  19:17  Cyclone x2  
  139  19:18  Command Center  
  145  19:29  Orbital Command  
  145  19:37  Cyclone x2  
  148  19:54  Refinery  
  148  19:58  SCV x3  
  151  20:03  Planetary Fortress  
  151  20:10  SCV  
  151  20:12  SCV x2  
  154  20:14  Cyclone x2  
  154  20:16  Hellion x6  
  172  20:23  Liberator  
  172  20:38  Raven  
  175  20:46  Hellion x5  
  175  20:47  Hellion x2, Refinery x2  
  189  21:14  Cyclone x2  
  189  21:15  Cyclone  
  189  21:17  Hellion  
Show
View Real Time Build Order
Export as new Build Order

Jack Zerg 

Build Orders: 3 Hatch before Pool 

Get SALT Encoding   

  12  0:01  Drone  
  13  0:13  Overlord  
  13  0:18  Drone  
  14  0:31  Drone x2  
  16  0:42  Drone  
  17  0:49  Drone  
  18  0:58  Hatchery  
  17  1:08  Drone  
  17  1:10  Drone  
  19  1:18  Drone  
  20  1:30  Hatchery  
  20  1:32  Drone  
  20  1:41  Extractor x2  
  18  1:47  Spawning Pool  
  18  1:48  Drone  
  18  1:52  Drone  
  19  2:02  Drone  
  20  2:11  Drone  
  20  2:12  Drone  
  22  2:22  Drone x2  
  24  2:32  Overlord  
  24  2:35  Queen  
  26  2:38  Metabolic Boost  
  26  2:41  Overlord  
  26  2:46  Drone  
  26  2:50  Drone  
  26  2:51  Drone  
  29  3:01  Roach Warren  
  29  3:02  Drone  
  29  3:05  Drone  
  30  3:13  Drone x2  
  30  3:14  Drone  
  33  3:21  Drone x2  
  33  3:22  Drone  
  33  3:25  Drone  
  33  3:26  Drone  
  38  3:28  Drone  
  39  3:35  Extractor  
  39  3:38  Extractor  
  39  3:39  Spore Crawler  
  35  3:47  Zergling x12  
  40  4:11  Queen  
  40  4:13  Drone x3  
  40  4:14  Drone x3  
  40  4:16  Drone x2  
  50  4:20  Lair  
  50  4:29  Overlord x2  
  45  4:42  Roach x2  
  47  4:55  Queen  
  47  4:56  Roach  
  47  4:57  Roach x3  
  47  4:58  Overlord x3  
  57  5:02  Extractor  
  57  5:03  Drone x2  
  58  5:08  Drone x2  
  60  5:15  Roach  
  63  5:21  Ravager  
  63  5:22  Ravager  
  63  5:23  Ravager  
  63  5:25  Ravager  
  63  5:26  Roach x4  
  74  5:30  Drone x6  
  80  5:37  Glial Reconstitution  
  80  5:39  Drone x2  
  80  5:41  Extractor  
  74  6:03  Drone  
  74  6:04  Drone x6  
  76  6:08  Drone x3  
  82  6:11  Drone x2  
  82  6:13  Drone x2  
  82  6:14  Drone  
  87  6:18  Drone  
  87  6:23  Drone x2  
  87  6:24  Evolution Chamber  
  87  6:25  Evolution Chamber  
  88  6:28  Hatchery, Overseer  
  88  6:32  Drone  
  88  6:34  Drone x2  
  82  6:57  Ravager x6  
  82  6:59  Roach  
  90  7:01  Overlord x4  
  90  7:07  Zerg Missile Weapons Level 1  
  90  7:08  Zerg Ground Armor Level 1  
  78  7:53  Drone  
  78  7:54  Drone x10  
  78  7:55  Drone x8, Queen  
  99  8:01  Overlord  
  99  8:03  Overlord x2  
  99  8:04  Overlord  
  96  8:24  Roach  
  96  8:25  Roach x8  
  96  8:26  Roach x2  
  112  8:40  Extractor  
  111  8:41  Extractor  
  110  8:49  Infestation Pit  
  110  8:50  Ravager  
  110  8:51  Ravager x3  
  110  8:54  Overlord x2, Spire  
  112  9:15  Spine Crawler  
  111  9:22  Zerg Ground Armor Level 2, Zerg Missile Weapons Level 2  
  111  9:25  Hive  
  111  9:32  Overlord  
  111  9:33  Overlord x6  
  111  9:34  Overlord x5  
  111  9:42  Ravager x3  
  111  9:43  Ravager  
  115  9:59  Roach x3  
  127  10:00  Roach x10  
  127  10:01  Roach x10  
  156  10:28  Mutalisk x6  
  156  10:29  Mutalisk x5  
  156  10:34  Mutalisk  
  156  10:35  Mutalisk  
  180  10:37  Zergling x2  
  181  10:44  Ultralisk Cavern  
  180  10:54  Zergling x8  
  180  10:55  Zergling x4  
  186  11:01  Extractor  
  186  11:02  Hatchery, Extractor  
  183  11:05  Hatchery, Extractor  
  183  11:06  Extractor  
  180  11:16  Drone x3  
  183  11:22  Drone x2  
  183  11:23  Drone  
  183  11:24  Drone x3  
  189  11:25  Drone  
  189  11:26  Drone x2  
  189  11:27  Drone x3  
  111  12:05  Mutalisk x3  
  111  12:06  Mutalisk x8  
  111  12:08  Ultralisk x3  
  136  12:09  Zergling x8  
  136  12:10  Zergling x2  
  141  12:20  Mutalisk x3  
  142  12:34  Drone  
  142  12:35  Drone  
  141  12:37  Drone  
  141  12:40  Zergling x2  
  141  12:41  Mutalisk x3, Roach, Zergling x4  
  141  12:42  Mutalisk x3  
  141  12:43  Zergling x4  
  150  13:09  Mutalisk x4  
  150  13:10  Zergling x8  
  150  13:11  Ultralisk x2  
  174  13:22  Ultralisk x2  
  174  13:23  Mutalisk, Zergling x4  
  174  13:24  Zergling x6  
  174  13:25  Zergling x8  
  197  13:28  Chitinous Plating  
  197  13:37  Drone x2  
  199  13:50  Baneling Nest  
  158  14:43  Corruptor x5  
  158  14:44  Mutalisk, Corruptor x2  
  158  14:45  Mutalisk x2  
  149  14:58  Queen x5  
  149  14:59  Queen  
  161  16:08  Hatchery  
  161  16:09  Extractor  
  161  16:10  Extractor  
  133  16:30  Roach x2  
  133  16:31  Mutalisk, Roach x9  
  133  16:32  Mutalisk x6  
  153  16:33  Mutalisk, Zergling x2  
  153  16:34  Overlord, Corruptor x2  
  166  17:09  Queen x4  
  166  17:10  Queen x2  
  178  17:33  Corruptor x5  
  178  17:34  Corruptor x2  
  173  18:59  Corruptor x3  
  137  19:43  Ultralisk x2  
  137  19:44  Ultralisk x2, Roach x3  
  137  19:45  Roach x2  
  167  19:46  Ultralisk x2  
  167  19:47  Corruptor x2  
  183  19:55  Greater Spire  
  183  20:19  Ultralisk x2  
  195  20:27  Hydralisk Den  
  194  20:59  Hatchery  
  194  21:00  Extractor x2  
  191  21:17  Queen  
Tags
 
Add a new tag
Caveats
  • Supply blocks, unpowered buildings, or Contaminate may cause inaccurate times.
  • Supply counts are checked every 10 seconds.